 Dungeon Crawl Stone Soup version 0.28-a0-1518-gbe868bca14 (console) character file.

Game seed: 2258559853497142746

23713 jejorda2 the Impaler (level 13, -6/103 HPs)
             Began as a Merfolk Berserker on Jan 16, 2022.
             Was an Elder of Trog.
             Killed from afar by a storm dragon (10 damage)
             ... with a bolt of lightning
             ... on level 12 of the Dungeon.
             The game lasted 00:32:58 (11477 turns).

jejorda2 the Impaler (Merfolk Berserker)           Turns: 11477, Time: 00:32:58

Health: -6/103     AC: 18    Str: 24    XL:     13   Next: 8%
Magic:  13/13      EV: 15    Int:  2    God:    Trog [****..]
Gold:   492        SH:  0    Dex: 15    Spells: 12/12 levels left

rFire   . . .      SeeInvis .   a - +2 halberd (elec)
rCold   + . .      Faith    .   (shield currently unavailable)
rNeg    . . .      Spirit   .   x - +4 chain mail {rC+}
rPois   +          Reflect  .   m - +0 hat
rElec   +          Harm     .   I - +0 cloak
rCorr   .          Rampage  .   n - +0 pair of gloves of the Hidden Prophets {rElec Regen+ Str+3 Int-4}
Will    .....                   (no boots)
Stlth   ..........              (no amulet)
HPRegen 1.07/turn               o - +4 ring of evasion
MPRegen 0.13/turn               k - ring of poison resistance

@: on berserk cooldown, slowed, very slow
A: (nimble swimmer 2), mertail
a: Renounce Religion, Berserk, Trog's Hand, Brothers in Arms


You were on level 12 of the Dungeon.
You worshipped Trog.
Trog was greatly pleased with you.
You visited 1 branch of the dungeon, and saw 12 of its levels.
You also visited: Bailey.

You collected 812 gold pieces.
You spent 320 gold pieces at shops.

Inventory:

Hand Weapons
 a - a +2 halberd of electrocution (weapon)
 b - a +4 trident
 w - a +1 glaive
Missiles
 e - 11 boomerangs
 f - 337 stones (quivered)
 r - 4 poisoned darts
 G - a throwing net
Armour
 m - a +0 hat (worn)
 n - the +0 pair of gloves of the Hidden Prophets (worn) {rElec Regen+ Str+3 Int-4}
   (You acquired it on level 12 of the Dungeon)

   Str:       It affects your strength (+3).
   Int:       It affects your intelligence (-4).
   rElec:     It insulates you from electricity.
   Regen:     It increases your rate of health regeneration.
 u - a +0 helmet
 x - a +4 chain mail of cold resistance (worn)
 I - a +0 cloak (worn)
Jewellery
 k - a ring of poison resistance (right hand)
 o - a +4 ring of evasion (left hand)
Wands
 c - a wand of iceblast (11)
 s - a wand of polymorph (4)
 F - a wand of flame (44)
 J - a wand of acid (4)
Scrolls
 h - 2 scrolls of teleportation
 i - 2 scrolls of enchant weapon
 j - a scroll of magic mapping
 p - 2 scrolls of identify
 H - a scroll of fear
Potions
 d - 3 potions of lignification
 g - 6 potions of attraction
 l - 2 potions of curing
 q - 4 potions of might
 t - 4 potions of mutation
 v - 3 potions of magic
 z - 4 potions of heal wounds
 A - 3 potions of cancellation
 B - 2 potions of resistance
 C - 2 potions of invisibility
 D - 2 potions of haste
 E - a potion of flight


   Skills:
 + Level 10.1 Fighting
 - Level 20.0 Polearms
 * Level 10.1 Armour
 - Level 6.0 Dodging
 - Level 6.0 Evocations


You had 12 spell levels left.
You didn't know any spells.
Your spell library was empty.

Dungeon Overview and Level Annotations

Branches:
Dungeon (12/15)            Temple (0/1) D:7            Lair (0/6) D:11
    Orc (0/2) D:12         Bailey (visited)

Altars:
Gozag
Qazlal
Uskayaw

Shops:
D:10 =

Annotations:
D:7 Gold past rock
D:11 3 runed translucent doors, zazu2006's ghost, journeyman NaWz


Innate Abilities, Weirdness & Mutations

((You are very nimble when in or above water. (Stealth+, EV+, Speed+++)))
Your lower body shifts to a powerful aquatic tail in water.


Message History

Trog accepts your kill.
Trog will now gift you melee weapons as you gain piety.
Trog appreciates your killing of a magic user.
The boulder beetle leaps!
You slash the storm dragon!
The storm dragon is lightly wounded.
The storm dragon barely misses you.
The storm dragon claws you but does no damage.
The storm dragon tramples you.
You stumble backwards!
You closely miss the storm dragon.
The storm dragon is lightly wounded.
The storm dragon closely misses you. The storm dragon misses you.
The storm dragon barely misses you.
The storm dragon breathes lightning at you.
The bolt of lightning hits you! You resist. The bolt of lightning hits you!
You resist.
The bolt of lightning hits the storm dragon.
The storm dragon completely resists.
Your ogre goes berserk!
Trog will no longer gift you weapons.
The boulder beetle waves its antennae.
The storm dragon bites you!
The storm dragon claws you but does no damage.
The storm dragon tramples you!
* * * LOW HITPOINT WARNING * * *
You hold your ground!
The boulder beetle curls into a ball and begins rolling!
Unknown command.
Unknown command.
Unknown command.
The storm dragon bites you!
* * * LOW HITPOINT WARNING * * *
The storm dragon claws you.
* * * LOW HITPOINT WARNING * * *
The storm dragon tramples you.
* * * LOW HITPOINT WARNING * * *
You hold your ground!
The storm dragon breathes lightning at you.
The bolt of lightning hits you! You resist.
You die...

###### ######### ......#
##.......## .......##
##..8...8..##
......○.####...........##
!....)8B.##.............#
......)..##.............#
.......D.#..8........?8..
........@#..............÷
.)8[....O................
.........#†).............
.........#..8[........8..
.........##.............#
?....$8..##.............#
........####......[....##
......# ##..8...8.[###
.....# ##.......##.#


You could see a storm dragon (catching breath, ally target), a boulder beetle
(rolling) and a friendly ogre (summoned, berserk).

Vanquished Creatures
  2 hydras
  3 boulder beetles (D:12)
  2 two-headed ogres
  4 skeletal warriors (D:12)
  3 deep elf pyromancers (D:12)
  An ugly thing (D:12)
  2 manticores
  2 centaur zombies
  A kobold demonologist (D:7)
  An unseen horror (D:8)
  2 gargoyles (D:12)
  Prince Ribbit (D:7)
  3 trolls (D:12)
  4 hornets
  3 slime creatures (D:12)
  Grinder (D:6)
  2 wraiths
  15 yaks
  10 vampire mosquitoes
  Duvessa (D:7)
  3 water moccasins (D:7)
  5 orc warriors
  2 black bears (D:7)
  2 sky beasts
  2 ice beasts
  3 ogres
  2 necrophages
  4 centaurs
  3 phantoms
  3 bullfrogs
  4 scorpions
  A water moccasin skeleton (D:5)
  6 killer bees (D:10)
  Dowan (D:7)
  8 wights
  4 howler monkeys
  A bullfrog zombie (D:7)
  7 orc priests
  Crazy Yiuf (D:6)
  2 hounds (D:5)
  2 jellies
  A gnoll shaman (D:6)
  2 bullfrog skeletons (D:6)
  Ijyb (D:3)
  Terence (D:2)
  2 iguanas
  7 orc wizards
  18 gnolls
  8 adders
  A shadow imp (D:5)
  2 white imps
  An ufetubus (D:5)
  An adder skeleton (D:4)
  3 dart slugs
  40 orcs
  5 ball pythons
  6 bats
  6 endoplasms
  A giant cockroach (D:2)
  2 goblins
  10 hobgoblins
  A quokka (D:1)
  2 frilled lizards (D:2)
  7 kobolds
  5 rats
262 creatures vanquished.

Vanquished Creatures (collateral kills)
  A death knight (D:12)
  A yaktaur (D:12)
  A tengu conjurer (D:12)
3 creatures vanquished.

Vanquished Creatures (others)
  A fungus (D:2)
  2 plants (D:9)
  3 toadstools (D:2)
6 creatures vanquished.

Grand Total: 271 creatures vanquished

Notes
Turn   | Place    | Note
-------+----------+-------------------------------------------
     0 | D:1      | jejorda2 the Merfolk Berserker began the quest for the Orb.
     0 | D:1      | Reached XP level 1. HP: 18/18 MP: 1/1
   280 | D:1      | Reached XP level 2. HP: 22/24 MP: 2/2
   368 | D:1      | Reached skill level 5 in Polearms
   705 | D:1      | Found a faded altar of an unknown god.
   773 | D:2      | Reached XP level 3. HP: 28/29 MP: 3/3
   797 | D:2      | Reached ** piety under Trog
   855 | D:2      | You fall into a shaft and drop 2 floors!
   997 | D:2      | Noticed Terence
  1006 | D:2      | Killed Terence
  1007 | D:2      | Reached skill level 6 in Polearms
  1007 | D:2      | Reached XP level 4. HP: 37/37 MP: 4/4
  1862 | D:3      | Noticed a sky beast
  1879 | D:3      | Killed a sky beast
  1880 | D:3      | Reached skill level 7 in Polearms
  1880 | D:3      | Reached XP level 5. HP: 43/43 MP: 5/5
  1932 | D:3      | Noticed Ijyb
  1947 | D:3      | Killed Ijyb
  2238 | D:4      | Noticed a phantom
  2257 | D:4      | Killed a phantom
  2258 | D:4      | Reached XP level 6. HP: 44/49 MP: 6/6
  2332 | D:4      | Reached skill level 8 in Polearms
  2426 | D:4      | Reached skill level 5 in Fighting
  2426 | D:4      | Reached XP level 7. HP: 52/56 MP: 7/7
  2872 | D:4      | Reached skill level 9 in Polearms
  2965 | D:5      | Entered Level 5 of the Dungeon
  3719 | D:5      | Reached skill level 10 in Polearms
  3719 | D:5      | Reached XP level 8. HP: 64/64 MP: 8/8
  4066 | D:6      | Noticed Grinder
  4135 | D:7      | Found a flagged portal.
  4137 | D:7      | Noticed a hornet
  4150 | D:7      | Killed a hornet
  4151 | D:7      | Reached skill level 11 in Polearms
  4277 | Bailey   | Entered a bailey
  4486 | Bailey   | Reached XP level 9. HP: 70/71 MP: 9/9
  4526 | Bailey   | Reached skill level 12 in Polearms
  4633 | Bailey   | Reached skill level 19 in Polearms
  4633 | Bailey   | Reached XP level 10. HP: 78/78 MP: 10/10
  4785 | Bailey   | Reached *** piety under Trog
  4854 | D:7      | Found an opulent altar of Gozag.
  4855 | D:7      | Found an opulent altar of Gozag.
  4967 | D:7      | Reached skill level 20 in Polearms
  4971 | D:7      | Found a staircase to the Ecumenical Temple.
  5037 | D:7      | Noticed a manticore
  5047 | D:7      | Killed a manticore
  5048 | D:7      | Reached skill level 5 in Armour
  5170 | D:7      | Found an opulent altar of Gozag.
  5228 | D:7      | Noticed a kobold demonologist
  5232 | D:7      | Killed a kobold demonologist
  5349 | D:6      | Noticed Prince Ribbit
  5349 | D:6      | Noticed Duvessa
  5349 | D:6      | Noticed Dowan
  5355 | D:7      | Killed Duvessa
  5356 | D:7      | Reached skill level 1 in Evocations
  5356 | D:7      | Killed Dowan
  5436 | D:7      | Found an opulent altar of Gozag.
  5623 | D:7      | Killed Prince Ribbit
  5975 | D:6      | Killed Grinder
  6167 | D:6      | Identified the +5 mace of the Endless Tables {spect, rF+}
  6168 | D:6      | Identified the +9 mace of Dividends {elec, Str+3}
  6169 | D:6      | Found a runed translucent door.
  6170 | D:6      | Noticed Crazy Yiuf
  6177 | D:6      | Killed Crazy Yiuf
  6180 | D:6      | Identified the +3 mace "Embalmer" {vorpal, rN++ Str+2
                  | Stlth-}
  6530 | D:8      | Reached XP level 11. HP: 76/84 MP: 11/11
  7545 | D:9      | Reached **** piety under Trog
  7745 | D:9      | Found the +3 hat of Pondering {ponderous, Will+ MP+10
                  | Int+5}
  8313 | D:10     | Entered Level 10 of the Dungeon
  8449 | D:10     | Found Taloduho's Jewellery Shoppe.
  8453 | D:10     | Bought a ring of poison resistance for 320 gold pieces
  8856 | D:10     | Reached skill level 5 in Evocations
  8941 | D:10     | Reached skill level 5 in Dodging
  8962 | D:9      | Reached ***** piety under Trog
  9171 | D:10     | Found a stormy altar of Qazlal.
  9171 | D:10     | Found a hide-covered altar of Uskayaw.
  9234 | D:10     | Noticed a two-headed ogre
  9242 | D:10     | Killed a two-headed ogre
  9356 | D:11     | Noticed a two-headed ogre
  9363 | D:11     | Noticed a boulder beetle
  9398 | D:11     | Noticed a skeletal warrior
  9399 | D:11     | Noticed zazu2006's ghost (journeyman NaWz)
  9400 | D:11     | Found a runed translucent gate.
  9400 | D:11     | Found a runed translucent gate.
  9437 | D:11     | Found a staircase to the Lair.
  9458 | D:11     | Noticed a manticore
  9475 | D:11     | Killed a manticore
  9778 | D:11     | Found a runed translucent gate.
  9781 | D:11     | Noticed a phantasmal warrior
  9782 | D:11     | Noticed a four-headed hydra
  9821 | D:11     | Noticed an eight-headed hydra
  9833 | D:11     | Killed an eight-headed hydra
 10183 | D:12     | Noticed a two-headed ogre
 10192 | D:12     | Killed a two-headed ogre
 10210 | D:12     | Identified a scroll of acquirement
 10210 | D:12     | Acquired the +0 pair of gloves of the Hidden Prophets
                  | {rElec Regen+ Str+3 Int-4}
 10295 | D:12     | Noticed a boulder beetle
 10311 | D:12     | Killed a boulder beetle
 10312 | D:12     | Reached XP level 12. HP: 58/92 MP: 12/12
 10348 | D:12     | Noticed an eight-headed hydra
 10360 | D:12     | Killed an eight-headed hydra
 10505 | D:12     | Found a staircase to the Orcish Mines.
 11094 | D:12     | Noticed a boulder beetle
 11115 | D:12     | Killed a boulder beetle
 11442 | D:12     | Noticed a boulder beetle
 11442 | D:12     | Noticed a death knight
 11457 | D:12     | Killed a death knight
 11460 | D:12     | Killed a boulder beetle
 11461 | D:12     | Reached skill level 10 in Fighting
 11461 | D:12     | Reached skill level 10 in Armour
 11461 | D:12     | Reached XP level 13. HP: 101/103 MP: 13/13
 11469 | D:12     | Noticed a storm dragon
 11477 | D:12     | HP: 4/103 [storm dragon (5)]
 11477 | D:12     | Killed from afar by a storm dragon

Illustrated notes

Levels and vault maps discovered:
D:1:      nicolae_arrival_memento_mori, layout_rooms,
          hellmonk_ecumenical_altar_leap_of_faith
D:2:      layout_rooms, minmay_misc_feat_tiny, minmay_gold_behind_fungi,
          chequers_serial_rivers_room_b, st_stairs_11, uniq_terence
D:3:      layout_loops_ring, grunt_ministairs_9, minmay_misc_feat_roman,
          bh_walls_and_bars, uniq_ijyb
D:4:      layout_loops_cross
D:5:      layout_rooms
D:6:      layout_rooms, chequers_serial_rivers_large_a, grunt_decor_junction,
          grunt_ministairs_9, uniq_crazy_yiuf_cottage, uniq_grinder,
          uniq_prince_ribbit1, uniq_duvessa
D:7:      layout_gridville, nicolae_gozag_conspicuous_consumption,
          minmay_temple_entry_mini_moons, enter_bailey_2
D:8:      layout_gridville
D:9:      minmay_weird_star, layout_loops_cross, serial_rivers,
          chequers_serial_rivers_room_a, chequers_serial_rivers_micro_e,
          chequers_serial_rivers_small_b, chequers_serial_rivers_micro_a,
          chequers_serial_rivers_micro_b, chequers_serial_rivers_small_3,
          hellmonk_bongcloud_opening
D:10:     layout_loops_ring, gammafunk_temple_overflow_elements, serial_shops,
          shop
D:11:     layout_rooms, lair_entry_dummy, gammafunk_ghost_split
D:12:     kennysheep_green_arena, layout_layer_cave, orc_0_dummy,
          hangedman_abyss_or_decor_lesser_grid

Skill      XL: |  1  2  3  4  5  6  7  8  9 10 11 12 |
---------------+-------------------------------------+-----
Polearms       | 5 6 7 8 10 11 19 20 | 20.0
Armour         | 2 3 4 6 7 10 | 10.1
Fighting       | 4 5 6 7 10 | 10.1
Evocations     | 3 6 |  6.0
Dodging        | 6 |  6.0

Action                   |  1- 3 |  4- 6 |  7- 9 | 10-12 | 13-15 || total
-------------------------+-------+-------+-------+-------+-------++-------
Melee: Spear             |    30 |       |       |       |       ||    30
       Trident           |    71 |   109 |   142 |    17 |       ||   339
       Punch             |     1 |       |     6 |     1 |       ||     8
       Halberd           |       |       |    39 |   331 |    11 ||   381
       Glaive            |       |       |       |   232 |       ||   232
       Tailslap          |       |       |       |     1 |       ||     1
Throw: Stone             |       |     4 |    11 |    19 |       ||    34
       Dart              |       |       |       |     4 |       ||     4
       Boomerang         |       |       |       |     2 |       ||     2
Invok: Berserk           |     1 |       |     3 |     8 |       ||    12
       Trog's Hand       |       |     1 |     1 |     1 |       ||     3
       Brothers in Arms  |       |       |       |     1 |     1 ||     2
  Use: Scroll            |       |       |     1 |    21 |       ||    22
       Potion            |       |       |     1 |     1 |       ||     2
 Stab: Sleeping          |     2 |       |       |       |       ||     2
Armor: Animal skin       |     6 |       |       |       |       ||     6
       Ring mail         |    12 |       |       |       |       ||    12
       Chain mail        |     6 |       |       |   104 |     3 ||   113
       Plate armour      |     5 |    34 |    50 |    68 |       ||   157
Dodge: Dodged            |    36 |    30 |    80 |   267 |    10 ||   423

Table legend: (Time is in decaauts)
 A = Elapsed time spent in this place.
 B = Non-inter-level travel time spent in this place.
 C = Inter-level travel time spent in this place.
 D = Time resting spent in this place.
 E = Time spent auto-exploring this place.
 F = Levels seen in this place.
 G = Mean time per level.
                   A        B        C        D        E       F      G
               +--------+--------+--------+--------+--------+-----+--------+
         Total |  11300 |  10955 |    345 |    656 |   8364 |  13 |  869.2 |
       Dungeon |  10778 |  10433 |    345 |    496 |   8116 |  12 |  898.2 |
        Bailey |    522 |    522 |      0 |    160 |    248 |   1 |  522.0 |
               +--------+--------+--------+--------+--------+-----+--------+

Top non-repeatable levels by time:
     D:7: 1266 daAuts
    D:12: 1216 daAuts
     D:4: 1122 daAuts
     D:8: 978 daAuts
     D:9: 967 daAuts
    D:11: 864 daAuts
    D:10: 796 daAuts
     D:3: 783 daAuts
     D:1: 753 daAuts
     D:5: 737 daAuts
     D:2: 647 daAuts
     D:6: 645 daAuts
  Bailey: 522 daAuts
